Map: Automaton LE

Players

Clem

  • Race: Terran Terran
  • Spawn Location: 3:00

Serral - Winner!

  • Race: Zerg Zerg
  • Spawn Location: 9:00

Event: 2019 WCS Spring

VOD

Have the link to the VOD?

Description

Time

  • Played on: May 17, 2019, 1:48 p.m.
  • Length: 8:37

All games in this series

Show
View Real Time Build Order
Export as new Build Order

Clem Terran 

Build Orders: Gas First Reaper Expand, Liberator Opening 

Get SALT Encoding   

  12  0:00  SCV  
  13  0:12  SCV  
  14  0:17  Supply Depot  
  14  0:24  SCV  
  15  0:29  Refinery  
  15  0:39  SCV  
  16  0:45  Barracks  
  16  0:51  SCV  
  17  1:03  SCV  
  18  1:15  SCV  
  19  1:32  Reaper, Orbital Command  
  20  1:45  Command Center  
  20  1:56  Factory  
  20  1:59  SCV  
  21  2:07  Barracks Reactor  
  21  2:12  SCV  
  21  2:14  Supply Depot  
  22  2:19  Refinery  
  22  2:24  SCV  
  23  2:36  SCV  
  24  2:44  Starport  
  24  2:47  Hellion x2  
  24  2:50  SCV  
  24  2:51  Marine  
  29  2:57  Orbital Command  
  30  3:02  SCV  
  31  3:09  Hellion  
  31  3:12  Hellion  
  35  3:15  Marine  
  36  3:22  Armory  
  36  3:26  Medivac  
  38  3:32  Hellion  
  38  3:34  Marine  
  41  3:38  Hellion  
  43  3:41  SCV x2  
  43  3:46  Supply Depot  
  45  3:50  Liberator  
  45  4:08  Hellion  
  50  4:10  Supply Depot  
  50  4:12  Hellion  
  50  4:14  SCV x2  
  54  4:20  Barracks Tech Lab  
  54  4:21  Supply Depot  
  54  4:32  SCV x2  
  56  4:40  Hellion x2  
  56  4:42  Marine  
  56  4:44  SCV  
  60  4:46  SCV  
  59  4:55  Liberator  
  59  4:56  SCV  
  59  4:59  SCV  
  60  5:00  Marine  
  60  5:01  Hellion  
  56  5:08  SCV  
  56  5:10  Hellion  
  61  5:16  SCV  
  61  5:18  Marine  
  61  5:20  SCV  
  60  5:26  Hellion  
  60  5:28  Stimpack  
  60  5:36  Barracks  
  60  5:38  SCV x2  
  60  5:39  Barracks  
  62  5:45  Marine  
  62  5:47  Hellion x5  
  63  5:53  SCV  
  63  5:54  Supply Depot  
  63  5:56  SCV  
  62  5:58  Hellion x3  
  62  6:01  Starport Reactor  
  62  6:05  Barracks  
  62  6:07  Barracks  
  62  6:10  SCV x2  
  64  6:12  Factory Reactor  
  64  6:14  Supply Depot  
  64  6:16  Supply Depot  
  64  6:18  Supply Depot  
  64  6:20  Marine  
  64  6:22  SCV x2  
  64  6:25  Barracks  
  67  6:38  SCV x2  
  69  6:40  Marine x2  
  69  6:42  Marine  
  69  6:46  Supply Depot  
  72  6:54  Factory Reactor, Marine x3  
  74  6:55  Supply Depot, Marine  
  74  6:56  Medivac x2  
  74  6:58  Marine x2  
  74  7:00  Marine  
  83  7:03  Engineering Bay, Supply Depot  
  83  7:11  Marine x2  
  83  7:12  Marine  
  83  7:13  Marine x2  
  88  7:16  Marine x2  
  88  7:17  Marine  
  91  7:25  Supply Depot  
  91  7:26  Medivac x2  
  91  7:29  Marine x2  
  97  7:30  Marine  
  97  7:31  Marine x2  
  97  7:34  Marine  
  97  7:35  Marine x2  
  97  7:37  Hellion x2  
  107  7:46  Supply Depot  
  107  7:47  Marine x2  
  107  7:48  Marine  
  107  7:49  Marine  
  111  7:51  Marine  
  111  7:52  Marine  
  111  7:56  Supply Depot, Marine x2  
  115  8:05  Widow Mine x2, Medivac x2, Marine x3  
  118  8:09  Marine  
Show
View Real Time Build Order
Export as new Build Order

Serral Zerg - Winner!

Build Orders: Hatch First 

Get SALT Encoding   

  12  0:00  Drone  
  13  0:13  Overlord  
  13  0:18  Drone  
  14  0:31  Drone x2  
  16  0:49  Hatchery  
  15  0:52  Drone  
  15  0:56  Drone  
  17  1:00  Drone  
  18  1:10  Extractor  
  17  1:16  Spawning Pool  
  16  1:19  Drone  
  16  1:22  Drone  
  18  1:28  Drone  
  19  1:40  Drone  
  20  1:49  Overlord  
  20  2:02  Queen x2  
  20  2:03  Zergling x4  
  26  2:13  Drone x2  
  26  2:14  Metabolic Boost  
  28  2:23  Drone x2  
  30  2:38  Hatchery  
  29  2:45  Queen  
  29  2:50  Overlord  
  31  2:55  Drone  
  31  2:56  Drone  
  31  2:57  Drone  
  34  3:00  Drone  
  34  3:02  Drone  
  36  3:08  Zergling x2  
  36  3:09  Drone  
  38  3:17  Overlord  
  38  3:19  Zergling x2  
  39  3:20  Drone  
  39  3:21  Drone x2  
  39  3:26  Queen  
  44  3:31  Overlord  
  44  3:35  Zergling x2  
  44  3:36  Zergling x4  
  44  3:41  Drone  
  48  3:46  Drone  
  49  3:50  Queen  
  49  3:51  Drone  
  49  3:54  Overlord  
  53  3:55  Zergling x4  
  53  3:58  Drone x2  
  56  4:04  Overlord  
  56  4:09  Queen  
  57  4:12  Queen  
  59  4:21  Overlord  
  59  4:27  Zergling x14  
  66  4:31  Queen  
  66  4:37  Zergling x8  
  66  4:57  Queen x2, Zergling x12  
  69  5:07  Queen  
  69  5:08  Drone  
  69  5:10  Overlord  
  70  5:15  Spore Crawler  
  70  5:18  Drone x2  
  69  5:24  Drone x3  
  69  5:26  Drone  
  69  5:28  Drone  
  71  5:40  Lair, Drone x6  
  73  5:51  Zergling x8  
  77  5:57  Drone  
  77  5:59  Queen  
  77  6:00  Spore Crawler  
  77  6:01  Spore Crawler, Drone  
  79  6:05  Drone  
  79  6:06  Drone x2  
  79  6:07  Drone  
  79  6:10  Drone x2  
  85  6:11  Drone  
  85  6:13  Drone x2  
  85  6:17  Overlord  
  85  6:18  Drone  
  89  6:21  Extractor  
  89  6:24  Evolution Chamber  
  87  6:27  Evolution Chamber, Drone, Baneling Nest  
  87  6:28  Drone  
  87  6:31  Drone x2  
  89  6:38  Drone x3  
  89  6:39  Overseer  
  92  6:44  Overlord  
  92  6:46  Drone  
  92  6:47  Zergling x4  
  92  6:48  Drone x4  
  92  6:52  Extractor  
  97  6:57  Overlord  
  97  7:06  Extractor x2  
  97  7:07  Drone x5  
  100  7:10  Centrifical Hooks, Drone  
  101  7:17  Drone  
  102  7:26  Overlord  
  102  7:27  Hatchery  
  102  7:28  Baneling x2  
  102  7:29  Baneling x3  
  101  7:31  Zergling x14  
  101  7:33  Baneling x3  
  101  7:36  Overlord  
  108  7:42  Overlord x2  
  108  7:44  Baneling x6  
  108  7:46  Zergling x8  
  112  7:52  Baneling x4  
  112  7:56  Overseer, Drone  
  112  8:01  Zergling x2  
  112  8:02  Zergling x14  
  118  8:07  Baneling x3  
  118  8:11  Zergling x2  
Tags
 
Add a new tag
Caveats
  • Supply blocks, unpowered buildings, or Contaminate may cause inaccurate times.
  • Supply counts are checked every 10 seconds.